 Dungeon Crawl Stone Soup version 0.30-a0-782-ge64f9170bb (webtiles) character file.

Game seed: 1493135715668458517

27 Dirtsage the Insei (level 3, -6/26 HPs)
             Began as an Octopode Monk on Feb 26, 2023.
             Mangled by Terence
             ... wielding a +0 mace
              (8 damage)
             ... on level 2 of the Dungeon.
             The game lasted 00:01:39 (718 turns).

Dirtsage the Insei (Octopode Monk)                   Turns: 718, Time: 00:01:40

Health: -6/26      AC:  1    Str: 12    XL:     3   Next: 10%
Magic:  3/3        EV: 14    Int: 12    God:
Gold:   36         SH:  0    Dex: 14    Spells: 2/2 levels left

rFire   . . .      SeeInvis .      - Unarmed
rCold   . . .      Faith    .    (no shield)
rNeg    . . .      Spirit   .    (helmet restricted)
rPois   .          Reflect  .    (no amulet)
rElec   .          Harm     .    (no ring)
rCorr   .          Rampage  .    (no ring)
Will    .....                    (no ring)
Stlth   +++                      (no ring)
HPRegen 0.24/turn                (no ring)
MPRegen 0.08/turn                (no ring)
                                 (no ring)
                                 (no ring)

@: no status effects
A: almost no armour, amphibious, 8 rings, camouflage 1, gelatinous body 1,
(nimble swimmer 1), tentacles
a: no special abilities


You were on level 2 of the Dungeon.
You visited 1 branch of the dungeon, and saw 2 of its levels.

You collected 36 gold pieces.

Inventory:

Scrolls
 b - a scroll of vulnerability {unknown}
 c - a scroll of teleportation {unknown}
 d - a scroll of identify {unknown}
Potions
 a - a potion of ambrosia
 e - a potion of lignification {unknown}


   Skills:
 - Level 3.0 Fighting
 - Level 3.0 Dodging
 - Level 2.6 Stealth
 + Level 4.2 Unarmed Combat


You had 2 spell levels left.
You didn't know any spells.
Your spell library was empty.

Dungeon Overview and Level Annotations

Branches:
Dungeon (2/15)

Altars:

Annotations:
D:1 2 transporters
D:2 Terence


Innate Abilities, Weirdness & Mutations

You cannot wear most types of armour.
You are amphibious.
You can wear up to eight rings at the same time.
Your skin changes colour to match your surroundings (Stealth+).
Your rubbery body absorbs attacks. (AC +1, EV +1)
((You are camouflaged when in or above water. (Stealth+)))
You have tentacles for arms and can constrict up to eight enemies at once.


Message History

You kill the endoplasm!
The bat closely misses you.
Found a stone staircase leading down.
The bat hits you. The bat barely misses you.
You closely miss the bat. You grab the bat. You constrict the bat.
Terence shouts!
The bat hits you.
The bat struggles to escape constriction.
The bat escapes!
You take 1 damage, and have 21/26 hp.
The bat hits you but does no damage.
You barely miss Terence. You grab Terence.
You constrict Terence, but do no damage.
The bat barely misses you. Terence hits you with a +0 mace. The bat misses you.
You take 3 damage, and have 18/26 hp.
You tentacle-slap Terence but do no damage.
You constrict Terence, but do no damage.
The bat hits you but does no damage. Terence hits you with a +0 mace.
You take 6 damage, and have 12/26 hp.
MASSIVE DAMAGE!!
You tentacle-slap Terence.
Terence is lightly wounded.
You constrict Terence, but do no damage.
You barely miss Terence.
Terence is lightly wounded.
You constrict Terence. The bat hits you but does no damage.
The bat barely misses you. Terence closely misses you.
You tentacle-slap Terence.
Terence is moderately wounded.
You constrict Terence. The bat hits you. Terence barely misses you.
The bat closely misses you.
You take 1 damage, and have 11/26 hp.
You tentacle-slap Terence.
Terence is heavily wounded.
You constrict Terence. The bat hits you. Terence hits you with a +0 mace!
* * * LOW HITPOINT WARNING * * *
You take 9 damage, and have 2/26 hp.
MASSIVE DAMAGE!!
You tentacle-slap Terence.
Terence is severely wounded.
You constrict Terence. The bat misses you. Terence hits you with a +0 mace!
You die...

#.# #.# ..$
#.#####.#.# #
#....##.#.#.#
#....##.#.#.###
#....##.#.....#
#####....##.....#
#.#...#.....!...#
#....##...b@@...#
#.#..#..........#
#
#..#.............
#..#...#.#....#..
#..#.....+....# .
#..#.....#>...+
#..#...###...##
#..#...# ####
#..#...#


You could see Terence and a bat.

Vanquished Creatures
  An adder (D:2)
  A worm (D:2)
  2 ball pythons (D:2)
  2 bats (D:1)
  An endoplasm (D:2)
  3 hobgoblins (D:1)
  3 kobolds (D:1)
  A frilled lizard (D:1)
  A rat (D:1)
15 creatures vanquished.

Notes
Turn   | Place    | Note
-------+----------+-------------------------------------------
     0 | D:1      | Dirtsage the Octopode Monk began the quest for the Orb.
     0 | D:1      | Reached XP level 1. HP: 16/16 MP: 1/1
   117 | D:1      | Reached XP level 2. HP: 19/21 MP: 2/2
   658 | D:2      | Reached skill level 4 in Unarmed Combat
   688 | D:2      | Reached XP level 3. HP: 26/26 MP: 3/3
   700 | D:2      | Noticed Terence
   718 | D:2      | Mangled by Terence

Illustrated notes

Levels and vault maps discovered:
D:1:      spicycebolla_arrival_transporter_tutorial, layout_basic
D:2:      cheibrodos_fertilizer, layout_basic, kennysheep_generic_room_16,
          uniq_terence

Skill      XL: |  1  2 |
---------------+-------+-----
Unarmed Combat | 4 |  4.2
Fighting       | |  3.0
Dodging        | |  3.0
Stealth        | |  2.6

Action                     || total
---------------------------++-------
  Melee: Unarmed           ||    35
         Constrict         ||     9
         Tentacles         ||     4
         Punch             ||     2
   Stab: Sleeping          ||     6
 Armour: Skin              ||     3
  Dodge: Dodged            ||    17

Table legend: (Time is in decaauts)
 A = Elapsed time spent in this place.
 B = Non-inter-level travel time spent in this place.
 C = Inter-level travel time spent in this place.
 D = Time resting spent in this place.
 E = Time spent auto-exploring this place.
 F = Levels seen in this place.
 G = Mean time per level.
                   A        B        C        D        E       F      G
               +--------+--------+--------+--------+--------+-----+--------+
         Total |    715 |    705 |     10 |      0 |    596 |   2 |  357.5 |
       Dungeon |    715 |    705 |     10 |      0 |    596 |   2 |  357.5 |
               +--------+--------+--------+--------+--------+-----+--------+

Top non-repeatable levels by time:
     D:1: 643 daAuts
     D:2: 71 daAuts
